 Dungeon Crawl Stone Soup version 0.30-a0-341-g682706514a (webtiles) character file.

Game seed: 2453340718266857494

135 koil the Ruffian (level 4, -1/36 HPs)
             Began as a Draconian Transmuter on Nov 5, 2022.
             Killed by nerve-wracking pain
             ... invoked by a shadow imp
             ... summoned by Eustachio
              (14 damage)
             ... on level 4 of the Dungeon.
             The game lasted 00:07:07 (2875 turns).

koil the Ruffian (Draconian Transmuter)             Turns: 2875, Time: 00:07:07

Health: -1/36      AC:  6    Str: 15      XL:     4   Next: 96%
Magic:  6/7        EV: 12    Int: 13      God:
Gold:   140        SH:  0    Dex:  9 (11) Spells: 1/7 levels left

rFire   . . .      SeeInvis .      - Unarmed
rCold   . . .      Faith    .    (no shield)
rNeg    . . .      Spirit   .    (body armour unavailable)
rPois   .          Reflect  .    (helmet restricted)
rElec   .          Harm     .    t - +0 cloak
rCorr   .          Rampage  .    (no gloves)
Will    .....                    (no boots)
Stlth   +.........               (no amulet)
HPRegen 0.26/turn                (no ring)
MPRegen 0.10/turn                (no ring)

@: wereblooded (expiring)
A: AC +5, unfitting armour, cold-blooded
a: no special abilities


You were on level 4 of the Dungeon.
You visited 1 branch of the dungeon, and saw 4 of its levels.

You collected 140 gold pieces.

Inventory:

Missiles
 p - 9 poisoned darts
Armour
 d - a +2 pair of boots
 l - a scarf of shadows
 t - a +0 cloak (worn)
Wands
 s - a wand of acid (6)
Scrolls
 b - 4 scrolls of identify {unknown}
 f - 5 scrolls of teleportation {unknown}
 g - 2 scrolls of blinking {unknown}
 h - 3 scrolls of butterflies {unknown}
 i - 2 scrolls of poison {unknown}
 j - 3 scrolls of acquirement {unknown}
 n - a scroll of fear {unknown}
 q - 2 scrolls of vulnerability {unknown}
 w - a scroll of torment {unknown}
Potions
 a - 2 potions of lignification
 c - 2 potions of curing {unknown}
 e - 2 potions of resistance {unknown}
 k - a potion of brilliance {unknown}
 m - 2 potions of mutation {unknown}
 o - a potion of haste {unknown}
 r - a potion of degeneration {unknown}
 u - a potion of heal wounds {unknown}
 v - a potion of magic {unknown}
 x - a potion of invisibility {unknown}
 z - a potion of cancellation {unknown}


   Skills:
 + Level 2.2 Fighting
 + Level 2.5 Dodging
 + Level 3.6 Unarmed Combat
 + Level 2.4 Spellcasting
 + Level 2.7 Transmutations
 + Level 1.7 Poison Magic


You had one spell level left.
You knew the following spells:

 Your Spells              Type           Power      Damage    Failure   Level
a - Beastly Appendage     Tmut           16%        N/A       9%          1
b - Wereblood             Tmut           8%         N/A       12%         2
c - Spider Form           Tmut/Pois      7%         N/A       30%         3

Your spell library contained the following spells:

 Spells                   Type           Power      Damage    Failure   Level
 Foxfire                  Conj/Fire      4%         2x1d4     24%         1
 Ice Form                 Ice/Tmut       5%         N/A       80%         4
 Fireball                 Conj/Fire      0%         3d3       100%        5
 Starburst                Conj/Fire      0%         6d3       100%        6


Dungeon Overview and Level Annotations

Branches:
Dungeon (4/15)
 Temple: D:4-7

Altars:
Fedhas

Annotations:
D:4 Eustachio


Innate Abilities, Weirdness & Mutations

Your plain brown scales are hard. (AC +5)
You cannot fit into any form of body armour.
You are cold-blooded and may be slowed by cold attacks.


Message History

Aiming: Corrosive Bolt
Press: ? - help, Shift-Dir - straight line, f - shadow imp
Aim: a shadow imp (summoned, 68% to hit)
Okay, then.
The rat attacks as you move away! The rat bites you but does no damage.
The bat hits you but does no damage. The quasit completely misses you.
The quasit claws you.
You feel clumsy. The quasit misses you. The bat barely misses you.
The shadow imp disappears for a moment.
The shadow imp gestures at you. Pain shoots through your body!
Aiming: Corrosive Bolt
Press: ? - help, Shift-Dir - straight line, f - Eustachio
Aim: Eustachio, wielding a +0 rapier of speed and wearing a +0 leather armour (moderately wounded, covered in acid, 60% to hit)
The bolt of acid hits Eustachio!
Eustachio seems to be corroded for longer.
Eustachio is severely wounded.
Your primal bloodlust is almost over.
The bat hits you.
The quasit bites you but does no damage.
The quasit closely misses you. The quasit claws you.
You feel clumsy. The shadow imp barely misses you.
Aiming: Corrosive Bolt
Press: ? - help, Shift-Dir - straight line, f - bat, p - Eustachio
Aim: a bat (summoned, 57% to hit)
The bolt of acid hits the rat!!
The acid corrodes the rat!
You kill the rat!
The rat's corpse disappears in a puff of smoke!
The bolt of acid hits the bat!
The acid corrodes the bat!
You kill the bat!
The bat's corpse disappears in a puff of smoke!
You howl as the wereblood boils in your veins!
Your horns disappear.
Your talons disappear.
The quasit barely misses you. The quasit completely misses you.
The quasit closely misses you. The shadow imp gestures at you.
Pain shoots through your body!
You die...

#..##..#........
........#..#...#........
........#..#...##..#....
........#..##..##....##.
........#..##........#..
........+..........#.#..
.......@#......#####.#.#
........##+##..#.....#..
.......@....#+##.....###
......55§...............
......§.§...............
........................
###....###'#............
#....#...#####........
#....#..$# #........
#....#...# #....####
#....##### #....#


You could see Eustachio (corroded), a quasit (summoned, corroded) and a shadow
imp (summoned).

Vanquished Creatures
  A mummy (D:4)
  4 adders
  2 worms (D:2)
  4 dart slugs
  4 ball pythons
  5 endoplasms
  3 giant cockroaches
  13 goblins
  10 hobgoblins
  6 kobolds
  4 quokkas
  3 bats
  3 frilled lizards
  4 hobgoblin zombies (D:4)
  4 rats
70 creatures vanquished.

Notes
Turn   | Place    | Note
-------+----------+-------------------------------------------
     0 | D:1      | koil the Draconian Transmuter began the quest for the Orb.
     0 | D:1      | Reached XP level 1. HP: 16/16 MP: 3/3
   120 | D:1      | Reached XP level 2. HP: 20/23 MP: 3/5
   192 | D:1      | Found a faded altar of an unknown god.
   332 | D:1      | Learned a level 2 spell: Wereblood
   840 | D:2      | Reached XP level 3. HP: 28/28 MP: 2/6
   911 | D:2      | Reached skill level 1 in Poison Magic
  1327 | D:2      | Reached XP level 4. HP: 36/36 MP: 7/7
  1331 | D:2      | Learned a level 3 spell: Spider Form
  1426 | D:2      | Found a blossoming altar of Fedhas.
  2854 | D:4      | Noticed Eustachio
  2875 | D:4      | Killed from afar by a shadow imp

Illustrated notes

Levels and vault maps discovered:
D:1:      wander_arrival_chamber, layout_basic,
          shapermc_ecumenical_altar_starsandcircs,
          hangedman_abyss_or_decor_lesser_grid
D:2:      wad_river_or_something, layout_loops_ring, basic_altar
D:3:      layout_basic, roderic_serpentine_path, nrook_mini_backslash
D:4:      layout_gridville, mainiacjoe_overflow_six_doors_small, serial_shops,
          shop, minmay_mini_ossuary, uniq_eustachio

Skill      XL: |  1  2  3 |
---------------+----------+-----
Dodging        | 2 |  2.5
Poison Magic   | 1 |  1.7
Fighting       | 2 |  2.2
Unarmed Combat | |  3.6
Spellcasting   | |  2.4
Transmutations | |  2.7

Action                   |  1- 3 |  4- 6 || total
-------------------------+-------+-------++-------
Melee: Unarmed           |   100 |   102 ||   202
       Headbutt          |    10 |     2 ||    12
       Tailslap          |    11 |     7 ||    18
       Kick              |    11 |     8 ||    19
       Punch             |       |     1 ||     1
 Cast: Beastly Appendage |    10 |     6 ||    16
       Wereblood         |     5 |     5 ||    10
Evoke: Wand              |       |     9 ||     9
 Stab: Sleeping          |     2 |     2 ||     4
Armor: Skin              |    21 |    30 ||    51
Dodge: Dodged            |    58 |    74 ||   132

Table legend: (Time is in decaauts)
 A = Elapsed time spent in this place.
 B = Non-inter-level travel time spent in this place.
 C = Inter-level travel time spent in this place.
 D = Time resting spent in this place.
 E = Time spent auto-exploring this place.
 F = Levels seen in this place.
 G = Mean time per level.
                   A        B        C        D        E       F      G
               +--------+--------+--------+--------+--------+-----+--------+
         Total |   2866 |   2773 |     93 |      0 |   2271 |   4 |  716.5 |
       Dungeon |   2866 |   2773 |     93 |      0 |   2271 |   4 |  716.5 |
               +--------+--------+--------+--------+--------+-----+--------+

Top non-repeatable levels by time:
     D:2: 1038 daAuts
     D:3: 857 daAuts
     D:1: 823 daAuts
     D:4: 147 daAuts
